 Dungeon Crawl Stone Soup version 0.26-a0-812-g31a745ddcd (webtiles) character file.

Game seed: 898821391492437884

18121 Azzok the Severer (level 12, -17/121 HPs)
             Began as a Demonspawn Berserker on Dec 2, 2020.
             Was a High Priest of Trog.
             Demolished by an ettin
             ... wielding a +0 dire flail
              (20 damage)
             ... on level 11 of the Dungeon on Dec 5, 2020.
             The game lasted 00:21:15 (15085 turns).

Azzok the Severer (Demonspawn Berserker)           Turns: 15085, Time: 00:21:15

Health: -17/121    AC: 21    Str: 28    XL:     12   Next: 24%
Magic:  12/12      EV: 17    Int:  9    God:    Trog [*****.]
Gold:   584        SH:  0    Dex: 17    Spells: 11/11 levels left

rFire    + . .     SeeInvis .   N - +9 glaive of Quximuma {vorpal, rElec Str+6}
rCold    + + +     Faith    +   (shield currently unavailable)
rNeg     . . .     Spirit   .   F - +1 plate armour of Vexation {+Blink rC+} (curse)
rPois    +         Reflect  .   O - +1 hat of Broken Taboos {rPois rF+ rC+ MR-}
rElec    +         Harm     .   R - +1 cloak {MR+}
rCorr    .         Rampage  .   u - +0 pair of gloves
MR       .....                  z - +2 pair of boots {run}
Stlth    ..........             v - amulet of faith
HPRegen  0.30/turn              t - +4 ring of slaying
MPRegen  0.13/turn              P - ring of Loizur {rC+ EV+4 Dex+4}

@: agile, berserking, very quick
A: horns 2, yellow scales 1, powered by death 1, powered by pain 3
a: Berserk, Trog's Hand, Brothers in Arms, Renounce Religion, Evoke Blink


You were on level 11 of the Dungeon.
You worshipped Trog.
Trog was extremely pleased with you.
You visited 1 branch of the dungeon, and saw 11 of its levels.
You also visited: Gauntlet.

You collected 934 gold pieces.
You spent 350 gold pieces at shops.

Inventory:

Hand Weapons
 G - a +4 executioner's axe
 N - the +9 glaive of Quximuma (weapon) {vorpal, rElec Str+6}
   (You found it in a Gauntlet)

   It inflicts extra damage upon your enemies.
   It affects your strength (+6).
   It insulates you from electricity.
 Q - the +11 flail of Luwat {vorpal, +Fly rN++ Dex-2 SInv}
   (You took it off a minotaur in a Gauntlet)

   It inflicts extra damage upon your enemies.
   It affects your dexterity (-2).
   It greatly protects you from negative energy.
   It lets you see invisible.
   It lets you fly.
Armour
 u - a +0 pair of gloves (worn)
 z - a +2 pair of boots of running (worn)
 F - the cursed +1 plate armour of Vexation (worn) {+Blink rC+}
   (You found it on level 9 of the Dungeon)

   It protects you from cold.
   It lets you blink.
   It has a curse placed upon it.
 O - the +1 hat of Broken Taboos (worn) {rPois rF+ rC+ MR-}
   (You found it in a Gauntlet)

   It protects you from fire.
   It protects you from cold.
   It protects you from poison.
   It affects your resistance to hostile enchantments.
 R - a +1 cloak of magic resistance (worn)
Jewellery
 t - a +4 ring of slaying (left hand)
 v - an amulet of faith (around neck)
 y - an uncursed ring of see invisible
 A - an uncursed ring of ice
 P - the ring of Loizur (right hand) {rC+ EV+4 Dex+4}
   (You took it off a minotaur in a Gauntlet)

   [ring of evasion]

   It affects your evasion (+4).
   It affects your dexterity (+4).
   It protects you from cold.
Wands
 m - a wand of acid (9)
 s - a wand of iceblast (15)
 C - a wand of enslavement (9)
Scrolls
 d - 7 scrolls of enchant weapon
 e - 4 scrolls of remove curse
 g - 4 scrolls of immolation
 h - 4 scrolls of enchant armour
 j - 3 scrolls of blinking
 p - 6 scrolls of teleportation
 r - 3 scrolls of torment
 B - 2 scrolls of fog
 D - a scroll of magic mapping
 E - a scroll of silence
 H - 2 scrolls of fear
Potions
 a - a potion of lignification {unknown}
 c - a potion of ambrosia {unknown}
 i - 2 potions of resistance
 k - a potion of might
 n - 3 potions of mutation {!q}
 o - 4 potions of curing
 q - 2 potions of flight
 w - 2 potions of haste
 x - 3 potions of berserk rage
 J - a potion of heal wounds
 K - 2 potions of cancellation


   Skills:
 - Level 3.0 Fighting
 + Level 17.5 Axes
 - Level 1.7 Armour
 - Level 1.7 Dodging


You had 11 spell levels left.
You didn't know any spells.
Your spell library was empty.

Dungeon Overview and Level Annotations

Branches:
Dungeon (11/15)            Temple (0/1) D:5            Lair (0/6) D:11
    Orc (0/2) D:11        Gauntlet (visited)

Altars:
Ashenzari
Dithmenos
Elyvilon
Gozag
Makhleb
Okawaru
Trog
Zin
The Shining One
Beogh

Shops:
D:4 :   D:6 ?   D:8 ?   D:9 (   D:11 :

Annotations:
D:8 3 runed translucent doors, bmj180's ghost, novice DrCj


Innate Abilities, Weirdness & Mutations

You have a pair of horns on your head.
You are partially covered in yellow scales. (AC +2)
You regenerate a little health from kills.
You are powered by pain.


Message History

You feel agile all of a sudden.
The ettin hits you with a +1 dire flail of pain!
You barely miss the ettin. You headbutt the ettin.
The ettin is heavily wounded.
The ettin hits you with a +0 dire flail!!
* * * LOW HITPOINT WARNING * * *
The ettin hits you with a +1 dire flail of pain.
* * * LOW HITPOINT WARNING * * *
You writhe in agony.
* * * LOW HITPOINT WARNING * * *
A red film seems to cover your vision as you go berserk!
You feel yourself moving faster!
You feel mighty! The ettin barely misses you.
The ettin hits you but does no damage.
You writhe in agony.
* * * LOW HITPOINT WARNING * * *
You completely miss the ettin.
The ettin is heavily wounded.
You slash the ettin!
The ettin is severely wounded.
The ettin hits you with a +0 dire flail!!
You die...

▒▒▒▒▒▒▒▒▒▒▒▒▒▒▒
▒·············▒
▒··▒▒▒▒▒▒▒▒'▒·▒
▒··▒◦◦░◦◦▒··▒·▒
▒··▒◦◦╬◦◦▒··▒·▒
▒··▒░╬░░╬▒'▒▒·▒▒
▒··▒◦◦░◦◦▒··▒··▒
▒··▒◦◦░◦◦▒@·▒··▒
▒··▒░╬░░░▒C▒▒··▒
▒··▒◦◦╬··'··▒··▒
▒▒▒▒··▒◦◦▒··▒··▒··▒
▒···(·▒▒▒▒▒▒▒▒▒▒··▒ ▒
▒·················▒▒▒
▒▒▒
▒···········▒····≈=·▒
▒▒▒▒··
▒········∩·▒▒▒▒▒▒▒▒·▒▒
▒····▒ ▒▒▒·▒▒···▒▒▒
▒··▒▒▒▒·▒▒▒▒


You could see an ettin.

Vanquished Creatures
  A minotaur (Gauntlet)
  Erolcha (D:9)
  3 hydras
  4 two-headed ogres
  A necromancer (Gauntlet)
  A manticore (D:11)
  An ugly thing (D:11)
  Joseph (D:6)
  A centaur skeleton (D:11)
  Maggie (D:6)
  2 trolls (D:9)
  A polar bear (D:9)
  2 hornets (D:9)
  2 slime creatures (Gauntlet)
  3 yaks (D:9)
  4 shadows (Gauntlet)
  A wraith (D:11)
  A wyvern (D:10)
  A vampire mosquito (D:11)
  Menkaure (D:4)
  A water moccasin (D:8)
  5 ice beasts
  3 phantoms
  A black bear (D:7)
  5 orc warriors
  5 sky beasts
  An eye of draining (D:9)
  4 ogres
  6 centaurs
  8 wolves
  Blork the orc (D:6)
  A big kobold (D:10)
  4 bullfrogs
  4 scorpions
  4 killer bees (D:8)
  13 wights (D:10)
  2 electric eels (D:9)
  2 howler monkeys
  7 bullfrog zombies
  2 centaur zombies
  A quasit (D:7)
  3 hounds
  7 orc priests
  6 jellies
  3 bullfrog skeletons
  2 iguanas
  8 orc wizards
  2 worker ants
  3 centaur simulacra (D:9)
  3 hound skeletons
  A howler monkey zombie (D:7)
  A worker ant zombie (D:7)
  4 gnolls (D:5)
  7 adders
  8 white imps
  A worker ant simulacrum (D:9)
  4 ufetubi
  An ooze (D:6)
  An adder zombie (D:9)
  An adder skeleton (D:7)
  2 worms (D:5)
  5 leopard geckos
  49 orcs
  10 bats
  7 giant cockroaches
  6 hobgoblins
  20 jackals
  8 quokkas
  4 frilled lizards
  5 goblins
  10 kobolds
  12 rats
317 creatures vanquished.

Vanquished Creatures (others)
  A demonic plant (Gauntlet)
1 creature vanquished.

Grand Total: 318 creatures vanquished

Notes
Turn   | Place    | Note
-------+----------+-------------------------------------------
     0 | D:1      | Azzok the Demonspawn Berserker began the quest for the Orb.
     0 | D:1      | Reached XP level 1. HP: 18/18 MP: 1/1
   142 | D:1      | Reached skill level 3 in Axes
   228 | D:1      | Gained mutation: You have a pair of small horns on your
                  | head. [demonic ancestry]
   228 | D:1      | Reached XP level 2. HP: 18/24 MP: 2/2
   999 | D:2      | Reached skill level 4 in Axes
   999 | D:2      | Reached XP level 3. HP: 18/29 MP: 3/3
  1145 | D:2      | Found a glowing golden altar of the Shining One.
  1328 | D:2      | Found an iron altar of Okawaru.
  1670 | D:3      | Reached ** piety under Trog
  1672 | D:3      | Reached XP level 4. HP: 29/35 MP: 4/4
  1734 | D:3      | Found a white marble altar of Elyvilon.
  2641 | D:4      | Found Dura's Book Shop.
  2808 | D:4      | Found a bloodstained altar of Trog.
  2810 | D:4      | Noticed an ogre
  2815 | D:4      | HP: 1/35 [ogre/+0 giant club (6)]
  2818 | D:4      | Killed an ogre
  2818 | D:4      | Reached skill level 5 in Axes
  2818 | D:4      | Reached XP level 5. HP: 3/41 MP: 5/5
  3327 | D:4      | Reached skill level 6 in Axes
  3821 | D:5      | Entered Level 5 of the Dungeon
  3821 | D:5      | Noticed a phantom
  3821 | D:5      | Noticed a sky beast
  3841 | D:4      | Killed a sky beast
  3841 | D:4      | Gained mutation: You have a pair of horns on your head.
                  | [demonic ancestry]
  3841 | D:4      | Reached XP level 6. HP: 22/47 MP: 6/6
  4085 | D:5      | Reached skill level 7 in Axes
  4154 | D:5      | Noticed Menkaure
  4242 | D:4      | Killed Menkaure
  4242 | D:4      | Gained mutation: You are partially covered in yellow
                  | scales. (AC +2) [demonic ancestry]
  4242 | D:4      | Reached XP level 7. HP: 16/52 MP: 7/7
  4754 | D:5      | Reached skill level 8 in Axes
  4840 | D:5      | Found an opulent altar of Gozag.
  5384 | D:5      | Found a staircase to the Ecumenical Temple.
  5488 | D:6      | Found a white marble altar of Elyvilon.
  5660 | D:6      | Found a shadowy altar of Dithmenos.
  5669 | D:6      | Noticed Maggie
  5685 | D:6      | Killed Maggie
  5685 | D:6      | Reached skill level 9 in Axes
  5685 | D:6      | Gained mutation: You sometimes gain a little power by
                  | taking damage. [demonic ancestry]
  5685 | D:6      | Reached XP level 8. HP: 58/58 MP: 8/8
  5687 | D:6      | Reached *** piety under Trog
  5759 | D:6      | Found Ucvirgh's Magic Scroll Shoppe.
  5766 | D:6      | Bought a scroll of amnesia for 38 gold pieces
  5766 | D:6      | Bought a scroll of identify for 22 gold pieces
  5766 | D:6      | Bought a scroll of identify for 22 gold pieces
  5766 | D:6      | Bought a scroll of blinking for 82 gold pieces
  5766 | D:6      | Bought a scroll of remove curse for 33 gold pieces
  5766 | D:6      | Bought a scroll of teleportation for 33 gold pieces
  5866 | D:6      | Reached skill level 10 in Axes
  6084 | D:6      | Found a burning altar of Makhleb.
  6086 | D:6      | Found a glowing silver altar of Zin.
  6087 | D:6      | Noticed a green death
  6087 | D:6      | Noticed an angel
  6087 | D:6      | Noticed Blork the orc
  6091 | D:6      | Killed Blork the orc
  6859 | D:7      | Noticed Joseph
  6873 | D:6      | Killed Joseph
  6873 | D:6      | Reached skill level 11 in Axes
  6873 | D:6      | Gained mutation: You sometimes gain power by taking damage.
                  | [demonic ancestry]
  6873 | D:6      | Reached XP level 9. HP: 63/63 MP: 9/9
  6958 | D:6      | Reached **** piety under Trog
  7095 | D:7      | Identified the cursed +0 flail of Fortitude {holy, rElec
                  | Dex+3 Stlth+}
  7242 | D:7      | Reached skill level 12 in Axes
  7451 | D:7      | Found a broken altar of Ashenzari.
  8292 | D:8      | Noticed a two-headed ogre
  8298 | D:8      | Killed a two-headed ogre
  8298 | D:8      | Reached skill level 13 in Axes
  8298 | D:8      | Gained mutation: You are powered by pain. [demonic
                  | ancestry]
  8298 | D:8      | Reached XP level 10. HP: 70/70 MP: 10/10
  8410 | D:8      | Found a runed translucent gate.
  8410 | D:8      | Found a runed translucent gate.
  8441 | D:8      | Found a runed translucent gate.
  8445 | D:8      | Noticed bmj180's ghost (novice DrCj)
  8520 | D:8      | Found a bloodstained altar of Trog.
  8534 | D:8      | Found Syhecsaergh's Magic Scroll Shoppe.
  8695 | D:8      | Bought a scroll of identify for 30 gold pieces
  8695 | D:8      | Bought a scroll of identify for 30 gold pieces
  8695 | D:8      | Bought a scroll of identify for 30 gold pieces
  8695 | D:8      | Bought a scroll of identify for 30 gold pieces
  8872 | D:8      | Found a roughly hewn altar of Beogh.
  8925 | D:8      | Reached ***** piety under Trog
  9681 | D:9      | Got a brightly glowing plate armour
  9682 | D:9      | Identified the cursed +1 plate armour of Vexation {+Blink
                  | rC+} (You found it on level 9 of the Dungeon)
  9720 | D:10     | Entered Level 10 of the Dungeon
  9727 | D:10     | Received a gift from Trog
  9789 | D:10     | Noticed a two-headed ogre
  9799 | D:10     | Killed a two-headed ogre
  9799 | D:10     | Reached skill level 14 in Axes
 10438 | D:10     | Noticed a two-headed ogre
 10447 | D:10     | Killed a two-headed ogre
 10749 | D:10     | Reached skill level 15 in Axes
 10820 | D:10     | Reached XP level 11. HP: 75/75 MP: 11/11
 11152 | D:9      | Noticed a six-headed hydra
 11160 | D:10     | Killed a six-headed hydra
 11836 | D:9      | Noticed Erolcha
 11843 | D:9      | Killed Erolcha
 12165 | D:9      | Noticed a two-headed ogre
 12174 | D:9      | Killed a two-headed ogre
 12766 | D:9      | Reached skill level 16 in Axes
 13155 | D:9      | Received a gift from Trog
 13174 | D:9      | Found Pux Leut's Weapon Shoppe.
 13492 | D:11     | Noticed a four-headed hydra
 13506 | D:11     | Killed a four-headed hydra
 13783 | D:11     | Noticed a white ugly thing
 13787 | D:11     | Found Lasimeb's Book Boutique.
 13796 | D:11     | Killed a white ugly thing
 13808 | D:11     | Found a gate leading to a gauntlet.
 13808 | D:11     | Found a staircase to the Lair.
 13817 | Gauntlet | Entered a Gauntlet
 13817 | Gauntlet | Found a transporter.
 13817 | Gauntlet | Found a transporter.
 13817 | Gauntlet | Found a transporter.
 13817 | Gauntlet | Noticed a sixfirhy
 13838 | Gauntlet | Found a transporter.
 13841 | Gauntlet | Found a transporter.
 13849 | Gauntlet | Found a transporter.
 13852 | Gauntlet | Found a transporter.
 13860 | Gauntlet | Found a transporter.
 13874 | Gauntlet | Found a large runed translucent door.
 13875 | Gauntlet | Found a large runed translucent door.
 13876 | Gauntlet | Found a large runed translucent door.
 13876 | Gauntlet | Found a large runed translucent door.
 13877 | Gauntlet | Found a runed translucent gate.
 13878 | Gauntlet | Found a transporter.
 13878 | Gauntlet | Found a runed translucent gate.
 13879 | Gauntlet | Found a runed translucent gate.
 13880 | Gauntlet | Found a large runed translucent door.
 13880 | Gauntlet | Found a large runed translucent door.
 13881 | Gauntlet | Found a large runed translucent door.
 13882 | Gauntlet | Found a large runed translucent door.
 13891 | Gauntlet | Found a large runed translucent door.
 13891 | Gauntlet | Found a large runed translucent door.
 13891 | Gauntlet | Found a runed translucent door.
 13891 | Gauntlet | Found a runed translucent door.
 13892 | Gauntlet | Found a large runed translucent door.
 13893 | Gauntlet | Found a large runed translucent door.
 13895 | Gauntlet | Found a transporter.
 13898 | Gauntlet | Found a transporter.
 13902 | Gauntlet | Noticed a necromancer
 13910 | Gauntlet | Found a transporter.
 13959 | Gauntlet | Found a large runed translucent door.
 14308 | Gauntlet | Killed a necromancer
 14312 | Gauntlet | Gained mutation: You regenerate a little health from kills.
                  | [demonic ancestry]
 14312 | Gauntlet | Reached XP level 12. HP: 64/81 MP: 12/12
 14313 | Gauntlet | Reached skill level 17 in Axes
 14362 | Gauntlet | Found a large runed translucent door.
 14363 | Gauntlet | Found a large runed translucent door.
 14363 | Gauntlet | Found a large runed translucent door.
 14377 | Gauntlet | Identified a +2 pair of boots of running (You found it in a
                  | Gauntlet)
 14400 | Gauntlet | Got an encrusted glaive
 14402 | Gauntlet | Got a pitted hat
 14407 | Gauntlet | Identified the +1 hat of Broken Taboos {rPois rF+ rC+ MR-}
                  | (You found it in a Gauntlet)
 14425 | Gauntlet | Identified the +11 flail of Luwat {vorpal, +Fly rN++ Dex-2
                  | SInv}
 14425 | Gauntlet | Identified the ring of Loizur {rC+ EV+4 Dex+4}
 14425 | Gauntlet | Noticed a minotaur
 14439 | Gauntlet | Killed a minotaur
 14825 | D:11     | Identified the +9 glaive of Quximuma {vorpal, rElec Str+6}
                  | (You found it in a Gauntlet)
 14871 | D:11     | Noticed a five-headed hydra
 14879 | D:11     | Killed a five-headed hydra
 15076 | D:11     | Found a runed translucent door.
 15078 | D:11     | Noticed an ettin
 15081 | D:11     | HP: 4/81 [ettin/+0 dire flail (2)]
 15085 | D:11     | Demolished by an ettin

Illustrated notes

Levels and vault maps discovered:
D:1:      psy_arrival_fountain, layout_basic, minmay_tromino_v2
D:2:      layout_basic, lemuel_round_altar, old_standard_altar
D:3:      layout_loops_ring, nicolae_overflow_hidden_temple
D:4:      layout_basic, lemuel_crystal_altar, serial_shops, shop
D:5:      layout_layer_cave, nicolae_gozag_seed_capital,
          minmay_temple_entry_nine_rooms, uniq_menkaure
D:6:      layout_cave_pools, grunt_temple_overflow_order_and_chaos_2,
          nicolae_dithmenos_through_a_glass_darkly, serial_shops,
          nicolae_shop_waterfront, elyvilon_altar_1, uniq_maggie,
          uniq_blork_the_orc
D:7:      layout_cave_pools, ashenzari_altar_1, uniq_joseph
D:8:      layout_loops_ring, gammafunk_ghost_necromancy, basic_altar,
          serial_shops, nicolae_shop_statue_plus, special_room
          [special_room_orc], serial_park_tiny_pond
D:9:      layout_cave_pools, serial_ice, serial_ice_h, serial_ice_k,
          serial_ice_o, serial_ice_c, serial_ice_g, serial_ice_b, serial_ice_m,
          serial_ice_a, serial_ice_d, serial_ice_e, serial_shops,
          nicolae_shop_behind_doors, serial_park_tiny_pond, nzn_random_ring,
          uniq_erolcha
D:10:     layout_loops_ring, hangedman_decor_peaks_small,
          minmay_misc_feat_more_columns
D:11:     layout_rooms, lair_entry_dummy, serial_shops, shop,
          gauntlet_entry_generic, minivault_13

Skill      XL: |  1  2  3  4  5  6  7  8  9 10 11 12 |
---------------+-------------------------------------+-----
Axes           | 3 4 5 6 7 9 11 13 15 16 17 | 17.5
Fighting       | |  3.0
Armour         | |  1.7
Dodging        | |  1.7

Action                   |  1- 3 |  4- 6 |  7- 9 | 10-12 || total
-------------------------+-------+-------+-------+-------++-------
Melee: Hand axe          |    25 |       |       |       ||    25
       Short sword       |    61 |    91 |   261 |   166 ||   579
       Headbutt          |    14 |    17 |    69 |    81 ||   181
       Battleaxe         |       |       |       |   193 ||   193
       Glaive            |       |       |       |    15 ||    15
       Flail             |       |       |       |     2 ||     2
Invok: Berserk           |       |     3 |     3 |    10 ||    16
       Trog's Hand       |       |       |     1 |       ||     1
Evoke: Wand              |       |       |       |     2 ||     2
  Use: Scroll            |       |       |    15 |    10 ||    25
Armor: Animal skin       |    21 |       |       |       ||    21
       Ring mail         |    14 |    14 |       |       ||    28
       Scale mail        |       |    39 |    68 |       ||   107
       Steam dragon scal |       |       |    65 |     1 ||    66
       Plate armour      |       |       |       |   298 ||   298
Dodge: Dodged            |    69 |    59 |   165 |   133 ||   426

Table legend: (Time is in decaauts)
 A = Elapsed time spent in this place.
 B = Non-inter-level travel time spent in this place.
 C = Inter-level travel time spent in this place.
 D = Time resting spent in this place.
 E = Time spent auto-exploring this place.
 F = Levels seen in this place.
 G = Mean time per level.
                   A        B        C        D        E       F      G
               +--------+--------+--------+--------+--------+-----+--------+
         Total |  15249 |  14798 |    451 |   3919 |   8434 |  12 | 1270.8 |
       Dungeon |  14253 |  13802 |    451 |   3249 |   8298 |  11 | 1295.7 |
      Gauntlet |    995 |    995 |      0 |    669 |    136 |   1 |  995.0 |
               +--------+--------+--------+--------+--------+-----+--------+

Top non-repeatable levels by time:
     D:8: 2033 daAuts
    D:10: 2011 daAuts
     D:4: 1910 daAuts
     D:9: 1690 daAuts
     D:6: 1256 daAuts
     D:5: 1125 daAuts
     D:7: 1075 daAuts
Gauntlet: 995 daAuts
     D:1: 975 daAuts
     D:3: 896 daAuts
    D:11: 652 daAuts
     D:2: 626 daAuts
